Map: Acolyte LE

Players

Harstem - Winner!

  • Race: Protoss Protoss
  • Spawn Location: 1:00

JonSnow

  • Race: Zerg Zerg
  • Spawn Location: 7:00

Event: WCS Montreal 2017

VOD

Have the link to the VOD?

Description

Time

  • Played on: Sept. 8, 2017, 4:23 p.m.
  • Length: 17:09

All games in this series

Show
View Real Time Build Order
Export as new Build Order

Harstem Protoss - Winner!

Build Orders: 1 Gate Expand, Oracle Opening 

Get SALT Encoding   

  12  0:01  Probe (Chrono Boost)  
  13  0:11  Probe (Chrono Boost)  
  14  0:18  Pylon  
  14  0:22  Probe (Chrono Boost)  
  15  0:36  Probe (Chrono Boost)  
  15  0:40  Gateway  
  16  0:47  Probe (Chrono Boost)  
  16  0:48  Assimilator  
  17  0:57  Probe (Chrono Boost)  
  18  1:08  Probe (Chrono Boost)  
  20  1:18  Probe (Chrono Boost)  
  20  1:25  Nexus  
  20  1:36  Cybernetics Core  
  20  1:37  Probe (Chrono Boost)  
  21  1:43  Assimilator  
  21  1:48  Probe (Chrono Boost)  
  21  1:52  Pylon  
  22  1:58  Probe (Chrono Boost)  
  23  2:10  Probe (Chrono Boost)  
  23  2:12  Adept (Chrono Boost)  
  26  2:21  Stargate  
  26  2:22  Probe  
  27  2:31  Warp Gate (Chrono Boost)  
  27  2:34  Probe  
  27  2:36  Probe, Adept (Chrono Boost)  
  30  2:46  Probe x2  
  32  2:58  Probe x2 (Chrono Boost)  
  32  2:59  Adept  
  36  3:07  Oracle (Chrono Boost)  
  36  3:08  Probe  
  36  3:10  Probe  
  41  3:17  Pylon  
  41  3:18  Probe  
  41  3:23  Probe  
  43  3:29  Probe  
  44  3:35  Probe (Chrono Boost)  
  44  3:40  Probe (Chrono Boost), Nexus  
  46  3:47  Mothership Core (Chrono Boost), Pylon  
  48  3:51  Probe (Chrono Boost)  
  49  3:58  Gateway  
  49  4:00  Gateway  
  49  4:02  Probe (Chrono Boost)  
  50  4:09  Probe (Chrono Boost)  
  51  4:12  Assimilator  
  55  4:17  Probe (Chrono Boost)  
  55  4:20  Probe  
  57  4:24  Pylon x2  
  57  4:29  Probe  
  58  4:32  Probe  
  58  4:36  Assimilator  
  58  4:37  Stalker  
  61  4:40  Phoenix  
  61  4:41  Probe  
  61  4:44  Probe  
  61  4:53  Probe, Forge  
  61  4:56  Probe  
  61  4:57  Nexus  
  61  4:58  Twilight Council  
  63  5:04  Phoenix  
  63  5:05  Probe  
  66  5:09  Probe, Sentry, Zealot  
  66  5:12  Protoss Ground Weapons Level 1  
  71  5:17  Probe (Chrono Boost)  
  71  5:21  Probe (Chrono Boost)  
  73  5:27  Robotics Facility  
  73  5:29  Probe (Chrono Boost), Phoenix  
  73  5:31  Pylon  
  73  5:33  Probe (Chrono Boost)  
  73  5:35  Charge (Chrono Boost)  
  77  5:39  Probe  
  78  5:48  Pylon x2  
  78  5:49  Probe  
  79  5:54  Probe  
  79  5:55  Pylon  
  82  6:00  Gateway  
  82  6:01  Gateway  
  82  6:02  Phoenix  
  83  6:04  Probe  
  83  6:13  Probe  
  84  6:23  Probe  
  85  6:27  Probe, Phoenix (Chrono Boost)  
  85  6:28  Probe  
  85  6:29  Stalker x2  
  85  6:30  Photon Cannon  
  93  6:45  Probe x2  
  93  6:46  Probe  
  95  6:49  Assimilator  
  95  6:50  Phoenix (Chrono Boost)  
  95  6:52  Gateway  
  95  6:53  Assimilator  
  98  6:55  Gateway  
  98  6:57  Protoss Air Weapons Level 1 (Chrono Boost)  
  98  6:58  Gateway  
  98  7:01  Warp Prism (Chrono Boost)  
  98  7:08  Photon Cannon  
  100  7:09  Probe  
  100  7:12  Phoenix  
  100  7:14  Zealot x3  
  110  7:15  Probe  
  110  7:23  Protoss Ground Weapons Level 2  
  110  7:25  Pylon  
  110  7:27  Templar Archives  
  110  7:33  Pylon  
  110  7:37  Phoenix (Chrono Boost)  
  112  7:49  Nexus  
  112  7:51  Pylon  
  112  8:00  Phoenix (Chrono Boost)  
  112  8:01  Probe  
  112  8:03  Pylon  
  112  8:05  High Templar x3  
  117  8:06  High Templar, Zealot x4  
  117  8:10  Archon  
  117  8:11  Pylon  
  117  8:12  Archon  
  130  8:13  Pylon  
  130  8:17  Psionic Storm  
  130  8:20  Immortal (Chrono Boost)  
  130  8:24  Probe  
  130  8:26  Probe x2  
  137  8:38  High Templar x2  
  141  8:42  Gateway  
  141  8:48  Photon Cannon  
  141  8:50  Assimilator, High Templar  
  141  8:51  Photon Cannon, High Templar  
  141  8:52  Assimilator  
  141  8:54  Zealot x4  
  153  8:58  Photon Cannon  
  153  9:00  Immortal (Chrono Boost)  
  157  9:11  High Templar  
  157  9:16  Probe  
  161  9:17  Probe  
  161  9:18  Robotics Facility  
  161  9:19  Probe  
  161  9:21  Pylon  
  161  9:23  High Templar  
  164  9:28  Probe  
  164  9:29  Probe x2  
  167  9:31  Pylon  
  167  9:33  Protoss Ground Weapons Level 3  
  167  9:41  High Templar x2  
  171  9:47  Fleet Beacon  
  169  9:54  Photon Cannon  
  169  10:01  Immortal (Chrono Boost)  
  169  10:03  Archon  
  177  10:11  Immortal (Chrono Boost)  
  173  10:25  Probe  
  174  10:29  High Templar x2, Photon Cannon  
  174  10:30  Zealot x5  
  174  10:32  Photon Cannon  
  192  10:35  Immortal (Chrono Boost)  
  192  10:41  Photon Cannon  
  190  10:44  Stargate  
  194  10:53  Immortal (Chrono Boost)  
  194  10:54  Archon  
  196  11:10  Zealot x2  
  186  11:28  Carrier (Chrono Boost)  
  186  11:30  High Templar x2  
  188  11:33  Photon Cannon  
  188  11:34  Immortal (Chrono Boost)  
  196  11:40  Immortal (Chrono Boost), Pylon  
  196  11:42  Protoss Air Weapons Level 2 (Chrono Boost)  
  196  11:49  Graviton Catapult  
  196  12:00  Protoss Shields Level 1  
  192  12:02  Photon Cannon  
  192  12:03  Photon Cannon  
  192  12:04  Photon Cannon  
  192  12:05  Photon Cannon  
  190  12:11  Photon Cannon  
  196  12:18  Carrier (Chrono Boost)  
  196  12:20  Photon Cannon  
  196  12:21  Photon Cannon  
  196  12:22  Photon Cannon x2  
  196  12:24  Photon Cannon  
  196  12:28  High Templar x2  
  200  12:30  Nexus  
  200  12:35  Pylon  
  196  12:47  Observer x2 (Chrono Boost)  
  198  12:54  Carrier  
  190  13:11  Photon Cannon  
  196  13:12  Photon Cannon  
  196  13:14  Photon Cannon  
  196  13:16  Photon Cannon  
  196  13:18  High Templar x2, Photon Cannon  
  200  13:22  Photon Cannon  
  200  13:26  Assimilator  
  197  13:29  Assimilator  
  197  13:33  Photon Cannon  
  195  13:37  Photon Cannon  
  195  13:39  Pylon  
  195  13:43  Zealot x2  
  191  14:09  Oracle  
  192  14:11  High Templar x4  
  192  14:16  Archon x2  
  196  14:18  Oracle  
  199  14:26  Photon Cannon  
  172  14:39  Zealot x5  
  172  14:43  Zealot x3  
  172  14:44  Carrier x2, Zealot  
  183  14:53  Warp Prism  
  191  15:00  Zealot x4  
  174  15:27  Zealot x3  
  174  15:28  Zealot x6  
  179  15:34  Immortal (Chrono Boost)  
  187  15:39  Probe x2, Immortal (Chrono Boost)  
  190  15:43  Photon Cannon  
  190  15:48  Zealot x5  
  170  16:13  Zealot x6  
  170  16:17  High Templar  
  170  16:18  High Templar  
  184  16:21  Archon  
  184  16:22  High Templar  
  176  16:33  Probe x2  
  176  16:39  High Templar  
  180  16:40  High Templar x3  
  180  16:43  High Templar x2  
  180  16:44  Archon x2  
  190  16:47  Archon  
  162  17:03  Zealot x3  
Show
View Real Time Build Order
Export as new Build Order

JonSnow Zerg 

Build Orders: Hatch First, Muta Ling Bane 

Get SALT Encoding   

  12  0:00  Drone  
  13  0:12  Overlord  
  13  0:17  Drone  
  14  0:30  Drone x2  
  14  0:34  Drone  
  17  0:53  Hatchery  
  17  0:55  Drone  
  17  0:57  Drone  
  18  1:08  Extractor  
  17  1:12  Spawning Pool  
  17  1:15  Drone  
  18  1:18  Drone  
  18  1:27  Overlord  
  18  1:39  Drone  
  19  1:53  Drone  
  20  1:58  Queen  
  20  2:00  Zergling x2  
  23  2:04  Queen  
  23  2:05  Zergling x2  
  26  2:09  Metabolic Boost  
  26  2:11  Drone  
  26  2:15  Drone  
  28  2:23  Drone  
  28  2:29  Drone  
  30  2:32  Overlord  
  30  2:40  Queen  
  32  2:44  Drone  
  32  2:45  Drone  
  32  2:47  Overlord  
  34  2:53  Overlord  
  34  2:59  Drone  
  36  3:05  Drone x2  
  36  3:06  Drone x2  
  36  3:08  Lair  
  36  3:11  Extractor  
  38  3:13  Extractor  
  38  3:15  Drone x2  
  39  3:20  Drone x2  
  39  3:23  Drone  
  39  3:24  Drone  
  43  3:28  Zergling x2  
  43  3:33  Extractor  
  43  3:36  Zergling x2  
  43  3:39  Zergling x6  
  46  3:45  Drone  
  47  3:51  Drone x2  
  47  3:52  Drone x2  
  51  3:56  Drone  
  51  4:01  Overlord  
  52  4:08  Spire  
  51  4:16  Drone x4  
  55  4:21  Overlord  
  55  4:23  Overlord  
  55  4:35  Hatchery  
  54  4:46  Drone x2  
  54  4:47  Overlord x2  
  54  4:51  Drone  
  57  4:54  Drone, Evolution Chamber  
  57  4:57  Overlord  
  57  5:15  Drone x2  
  57  5:16  Drone  
  57  5:18  Drone  
  57  5:22  Mutalisk x5  
  57  5:25  Mutalisk  
  69  5:29  Mutalisk x2  
  69  5:31  Mutalisk  
  69  5:34  Mutalisk  
  77  5:39  Zerg Melee Weapons Level 1  
  77  5:45  Mutalisk  
  77  5:47  Drone x3  
  82  5:51  Drone x2  
  82  5:57  Drone x2  
  86  6:01  Drone x2  
  88  6:05  Drone x3  
  88  6:06  Drone  
  88  6:08  Drone  
  88  6:09  Overlord  
  93  6:22  Corruptor  
  93  6:24  Drone x2  
  97  6:29  Hatchery  
  96  6:34  Corruptor x3  
  96  6:36  Drone  
  96  6:39  Extractor  
  102  6:40  Extractor, Overlord  
  102  6:42  Overlord  
  99  6:47  Drone x4  
  99  6:49  Drone  
  99  6:51  Drone x3  
  103  6:54  Drone x2  
  103  6:55  Drone  
  103  7:04  Drone x2  
  103  7:06  Drone  
  103  7:08  Drone x2  
  107  7:09  Hydralisk Den, Baneling Nest, Drone x2  
  107  7:18  Hatchery  
  106  7:27  Overlord x2  
  106  7:30  Spore Crawler  
  106  7:32  Spore Crawler  
  106  7:33  Drone x3  
  106  7:35  Spore Crawler  
  106  7:38  Queen  
  106  7:39  Overlord  
  106  7:41  Muscular Augments  
  106  7:42  Zerg Melee Weapons Level 2  
  108  7:46  Drone x3  
  108  7:48  Hydralisk  
  113  7:55  Hydralisk x3  
  119  7:59  Hydralisk x2  
  119  8:04  Hydralisk x2  
  127  8:06  Zergling x2  
  127  8:16  Hydralisk x5  
  138  8:20  Drone  
  138  8:25  Baneling x5  
  138  8:26  Hydralisk x3  
  144  8:34  Hydralisk x4  
  144  8:35  Zergling x2  
  144  8:37  Overlord  
  153  8:44  Baneling x4  
  153  8:46  Overlord  
  153  8:49  Overlord x3  
  153  8:51  Hydralisk x2  
  153  8:55  Baneling x3  
  157  9:00  Overseer  
  157  9:05  Drone x4, Hydralisk x2  
  157  9:06  Zergling x2, Hydralisk x2  
  157  9:07  Zergling x4  
  170  9:13  Zergling x12  
  176  9:18  Hydralisk x2  
  176  9:22  Overlord  
  176  9:24  Zergling x6  
  183  9:27  Zergling x2  
  183  9:30  Centrifical Hooks  
  184  9:42  Zergling x2  
  184  9:43  Zergling x10  
  190  9:51  Zergling x6  
  191  9:54  Zergling x4  
  191  9:56  Zergling x14  
  191  9:58  Zerg Missile Weapons Level 1  
  200  10:10  Baneling x4  
  197  10:20  Baneling  
  197  10:21  Zergling x2, Baneling x5  
  195  10:22  Zergling x6  
  185  10:36  Zergling x14  
  185  10:37  Infestation Pit  
  185  10:40  Zergling x16  
  185  10:42  Overlord x2  
  197  10:52  Queen  
  197  10:53  Evolution Chamber  
  197  10:55  Pneumatized Carapace, Baneling x3  
  198  10:59  Drone, Hatchery  
  198  11:00  Drone  
  198  11:01  Extractor  
  198  11:02  Extractor  
  198  11:03  Zergling x4  
  198  11:04  Hatchery  
  198  11:06  Baneling  
  189  11:22  Hydralisk  
  189  11:23  Zergling x2, Hydralisk x2  
  189  11:24  Zergling x26  
  190  11:35  Zergling x10  
  195  11:40  Overlord  
  195  11:47  Overlord  
  195  11:48  Hive  
  195  11:49  Spire  
  195  11:51  Drone  
  195  12:00  Zergling x14  
  198  12:14  Burrow  
  198  12:15  Zerg Missile Weapons Level 2  
  198  12:16  Pathogen Glands  
  198  12:22  Drone  
  198  12:36  Drone x3  
  199  12:38  Spore Crawler x3  
  199  12:40  Spore Crawler  
  190  12:44  Corruptor x4  
  190  12:46  Baneling x3  
  199  12:51  Drone  
  199  12:59  Baneling x7  
  199  13:04  Greater Spire  
  199  13:05  Infestor x3  
  196  13:12  Neural Parasite  
  196  13:14  Zergling x6  
  199  13:34  Zerg Flyer Weapons Level 1  
  199  13:45  Spore Crawler  
  199  13:46  Spore Crawler  
  199  13:48  Infestor x3  
  196  13:49  Spore Crawler  
  196  13:50  Spore Crawler  
  196  13:51  Spore Crawler  
  197  13:57  Zergling x2  
  197  13:58  Zergling x6  
  194  14:07  Infestor x4  
  197  14:10  Spore Crawler  
  197  14:12  Spore Crawler  
  197  14:14  Infestor x2  
  197  14:16  Spore Crawler  
  198  14:18  Spore Crawler  
  194  14:30  Infestor x2  
  194  14:31  Infestor x5  
  178  14:33  Hydralisk x7  
  178  14:34  Zergling x2  
  188  14:38  Hydralisk x4  
  188  14:39  Zergling x2, Hydralisk  
  188  14:40  Zergling x2  
  192  14:47  Hydralisk x4  
  192  14:48  Zergling x8  
  199  15:01  Zergling x2  
  199  15:02  Spore Crawler  
  199  15:05  Spore Crawler, Overlord  
  195  15:14  Extractor  
  166  15:28  Corruptor  
  166  15:29  Corruptor x9  
  166  15:31  Zergling x8  
  166  15:32  Zergling x14  
  197  15:36  Extractor  
  196  15:44  Corruptor x2  
  196  15:48  Overseer x2  
  189  16:09  Hydralisk x6  
  189  16:10  Zergling x12  
  166  16:11  Zergling x2  
  166  16:12  Zergling x2  
  166  16:16  Zergling x6  
  150  16:21  Zergling x4  
  144  16:36  Hydralisk x3  
  148  16:42  Hydralisk  
  148  16:43  Zergling x2  
Tags
 
Add a new tag
Caveats
  • Supply blocks, unpowered buildings, or Contaminate may cause inaccurate times.
  • Supply counts are checked every 10 seconds.